 Dungeon Crawl Stone Soup version 0.30.0-5-g1a98f26d00 (webtiles) character file.

Game seed: 590710341336530545

15254 SeerSkye the Severer (level 11, -1/107 HPs)
             Began as a Minotaur Fighter on May 10, 2023.
             Was an Initiate of Gozag.
             Shot with an arrow by Nessos (16 damage)
             ... on level 13 of the Dungeon.
             The game lasted 00:12:27 (11362 turns).

SeerSkye the Severer (Minotaur Fighter)            Turns: 11362, Time: 00:12:27

Health: -1/107     AC: 16    Str: 24    XL:     11   Next: 99%
Magic:  10/10      EV:  7    Int:  5    God:    Gozag
Gold:   1387       SH:  5    Dex: 17    Spells: 10/10 levels left

rFire   . . .        a - +0 war axe (freeze)
rCold   . . .        c - +0 buckler
rNeg    . . .        v - +0 plate armour
rPois   .            (helmet restricted)
rElec   .            (no cloak)
rCorr   .            J - +0 pair of gloves {Stlth+}
SInv    .            j - +0 pair of boots
Will    +....        (no amulet) Stlth
                     q - +6 ring of dexterity
HPRegen 0.37/turn    h - ring of willpower
MPRegen 0.12/turn

%: no passive effects
@: lethally poisoned (-1 -> -10)
A: horns 2, retaliatory headbutt
a: Renounce Religion, Potion Petition, Call Merchant, Bribe Branch


You were on level 13 of the Dungeon.
You worshipped Gozag.
Gozag was most pleased with you.
You visited 1 branch of the dungeon, and saw 12 of its levels.
You also visited: Sewer and Bailey.

You collected 2311 gold pieces.
You spent 217 gold pieces at shops.
You paid 707 gold pieces to Gozag.

Inventory:

Hand Weapons
 a - a +0 war axe of freezing (weapon)
Armour
 c - a +0 buckler (worn)
 j - a +0 pair of boots (worn)
 v - a +0 plate armour (worn)
 J - a +0 pair of gloves of stealth (worn)
Jewellery
 h - a ring of willpower (right hand)
 q - a +6 ring of dexterity (left hand)
Wands
 r - a wand of quicksilver (10) (quivered)
 z - a wand of polymorph (5)
 B - a wand of roots (6)
 G - a wand of flame (20)
Scrolls
 b - 2 scrolls of poison {unknown}
 e - 4 scrolls of immolation
 f - 2 scrolls of magic mapping
 k - 3 scrolls of fear
 o - 5 scrolls of teleportation
 p - 6 scrolls of amnesia
 s - a scroll of brand weapon
 w - a scroll of enchant weapon {unknown}
 y - 3 scrolls of fog
 A - a scroll of torment {unknown}
 E - a scroll of enchant armour {unknown}
 F - a scroll of vulnerability {unknown}
 H - 2 scrolls of butterflies {unknown}
 I - a scroll of identify {@r1}
Potions
 d - a potion of curing {@q1}
 g - a potion of lignification
 i - a potion of haste
 l - 2 potions of flight
 m - 3 potions of ambrosia
 n - a potion of mutation {unknown}
 t - 3 potions of brilliance
 u - a potion of heal wounds {unknown}
 x - 4 potions of invisibility
 C - a potion of resistance {unknown}
 D - a potion of magic {unknown}
 K - a potion of attraction {unknown}
 L - a potion of might


   Skills:
 + Level 13.2 Fighting
 * Level 17.6 Axes
 + Level 8.8 Armour
 - Level 3.6 Shields


You had 10 spell levels left.
You didn't know any spells.
Your spell library contained the following spells:

 Spells                   Type           Power      Damage    Failure   Level
 Blink                    Tloc           0%         N/A       100%        2
 Lesser Beckoning         Tloc           0%         N/A       100%        2
 Momentum Strike          Conj/Tloc      0%         3d8       100%        2
 Ozocubu's Armour         Ice            0%         N/A       100%        3
 Manifold Assault         Tloc           0%         N/A       100%        4
 Metabolic Englaciation   Hex/Ice        0%         N/A       100%        5
 Storm Form               Tmut/Air       0%         N/A       100%        7
 Simulacrum               Ice/Necr       Unusable   N/A       N/A         6

Dungeon Overview and Level Annotations

Branches:
Dungeon (11/15) Zot: 26601  Temple (0/1) D:6            Lair (0/5) D:10
  Sewer (visited)          Bailey (visited)
    Orc: D:9-12

Altars:
Gozag
Nemelex Xobeh
Okawaru
Ru
Uskayaw
Vehumet
Wu Jian
Yredelemnul
Zin

Shops:
D:2 (   D:10 [

Annotations:
D:8 exclusion: statue
D:10 exclusion: oklob sapling
D:13 Nessos


Innate Abilities, Weirdness & Mutations

You have a pair of horns on your head.
You reflexively headbutt those who attack you in melee.


Message History

It bursts into flame!
Nessos shoots an arrow.
The arrow hits you. The arrow burns you.
You are poisoned.
You feel sick.
Nessos says, "Even if you were a mare, I'd kill you!"
Nessos gestures wildly while chanting.
Nessos blinks!
You feel sick.
Nessos shoots an arrow.
The arrow hits you! The arrow burns you.
You are more poisoned.
Nessos shoots an arrow.
The arrow hits you!! The arrow burns you.
You feel very sick.
Nessos unwields a +2 longbow of flaming.
It stops flaming.
Nessos closely misses you. Nessos kicks you but does no damage.
Nessos hits you. Nessos kicks you but does no damage.
You hit Nessos. You freeze Nessos. You headbutt Nessos, but do no damage.
Nessos is lightly wounded.
You feel sick. Nessos hits you but does no damage. Nessos closely misses you.
Nessos hits you!
* * * LOW HITPOINT WARNING * * *
You block Nessos's attack.
You hit Nessos but do no damage.
Nessos is lightly wounded.
You feel sick. You block Nessos's attack. Nessos kicks you.
* * * LOW HITPOINT WARNING * * *
You block Nessos's attack. Nessos closely misses you.
You hit Nessos but do no damage. You headbutt Nessos.
Nessos is lightly wounded.
You feel sick.
Nessos casts a spell.
Nessos blinks!
Nessos wields a +2 longbow of flaming.
It bursts into flame!
Nessos shoots an arrow.
The arrow hits you!
* * * LOW HITPOINT WARNING * * *
The arrow burns you.
You are more poisoned.
* * * LOW HITPOINT WARNING * * *
You feel very sick.
Nessos shoots an arrow.
The arrow hits you!
You die...
Your body crumbles into a pile of gold.

.#####.... #.... #...#
#...# .#####...#
..........
##+####+#############...
$
#...................#...
#......@..).........#...
#...................#...
#...................#...
#.....>##......##...#...
#...... #......##...#.##
#...... #...........+.##
#...... #...........#...
#...... #.....c.....#...
#....########...


You could see Nessos (fast).

Vanquished Creatures
  2 vault guards (Bailey)
  Erolcha (D:13)
  A two-headed ogre (D:11)
  A centaur warrior (D:13)
  An ugly thing (D:13)
  2 manticores
  A kobold demonologist (D:10)
  2 trolls
  Prince Ribbit (Bailey)
  3 wraiths
  A culicivora (shapeshifter) (D:8)
  5 wyverns
  14 yaks
  A wyvern (shapeshifter) (D:8)
  6 humans (Bailey)
  2 basilisks (D:10)
  A steam dragon (D:8)
  5 vampire mosquitoes
  An acid dragon (D:9)
  7 water moccasins
  A sky beast (D:8)
  4 orc warriors
  An ice beast (D:6)
  4 centaurs
  3 ogres
  A phantom (D:6)
  9 bullfrogs
  2 kobold brigands (D:10)
  5 scorpions
  9 wights
  6 killer bees (D:9)
  An electric eel (D:7)
  5 howler monkeys
  A jelly (D:5)
  11 orc priests
  A hound (D:7)
  A sleepcap (D:6)
  An iguana (D:5)
  14 orc wizards
  2 gnolls (Bailey)
  7 adders
  3 river rats (D:3)
  2 worms
  A dart slug (D:3)
  31 orcs
  8 endoplasms
  A giant cockroach (D:5)
  9 goblins
  9 hobgoblins
  9 jackals
  17 kobolds
  4 quokkas
  13 ball pythons
  7 bats
  3 frilled lizards
  7 rats (D:3)
271 creatures vanquished.

Vanquished Creatures (others)
  An orc wizard (D:6)
1 creature vanquished.

Grand Total: 272 creatures vanquished

Notes
Turn   | Place    | Note
-------+----------+-------------------------------------------
     0 | D:1      | SeerSkye the Minotaur Fighter began the quest for the Orb.
     0 | D:1      | Reached XP level 1. HP: 19/19 MP: 0/0
   102 | D:1      | Reached skill level 3 in Axes
   132 | D:1      | Reached XP level 2. HP: 27/27 MP: 1/1
   741 | D:2      | Found Kogy Cug's Antique Weapon Shoppe.
   827 | D:2      | Found a faded altar of an unknown god.
   853 | D:2      | Reached XP level 3. HP: 33/33 MP: 2/2
  1040 | D:2      | Reached skill level 4 in Axes
  1603 | D:3      | Reached XP level 4. HP: 34/41 MP: 3/3
  1748 | D:3      | Reached skill level 5 in Axes
  1759 | D:3      | Found a glowing drain.
  1769 | Sewer    | Entered a sewer
  1837 | Sewer    | Noticed a water moccasin
  1844 | Sewer    | Killed a water moccasin
  1845 | Sewer    | Reached skill level 5 in Fighting
  1845 | Sewer    | Reached skill level 6 in Axes
  1845 | Sewer    | Reached XP level 5. HP: 11/48 MP: 4/4
  2265 | D:3      | Found an opulent altar of Gozag.
  2394 | D:3      | Became a worshipper of Gozag Ym Sagoz the Greedy
  2580 | D:4      | Reached XP level 6. HP: 56/56 MP: 5/5
  3142 | D:5      | Entered Level 5 of the Dungeon
  3252 | D:5      | Reached skill level 7 in Axes
  3369 | D:5      | Found a sacrificial altar of Ru.
  3389 | D:5      | Noticed a water moccasin
  3395 | D:5      | Killed a water moccasin
  3396 | D:5      | Reached XP level 7. HP: 59/64 MP: 6/6
  3734 | D:5      | Found a sparkling altar of Nemelex Xobeh.
  3735 | D:5      | Found an ornate altar of the Wu Jian Council.
  3741 | D:5      | Reached skill level 8 in Axes
  4005 | D:6      | Reached skill level 9 in Axes
  4015 | D:6      | Reached XP level 8. HP: 5/73 MP: 7/7
  4402 | D:6      | Found a staircase to the Ecumenical Temple.
  4511 | D:6      | Found an iron altar of Okawaru.
  5030 | D:7      | Reached skill level 10 in Axes
  5350 | D:7      | Reached skill level 11 in Axes
  5500 | D:7      | Found a glowing silver altar of Zin.
  5932 | D:7      | Reached XP level 9. HP: 75/82 MP: 8/8
  6040 | D:8      | Reached skill level 12 in Axes
  6134 | D:8      | Noticed a manticore
  6304 | D:8      | Killed a manticore
  6305 | D:8      | Reached skill level 10 in Fighting
  6305 | D:8      | Reached skill level 13 in Axes
  6385 | D:8      | Noticed a troll
  6390 | D:8      | Killed a troll
  6855 | D:8      | Reached skill level 14 in Axes
  6855 | D:8      | Reached XP level 10. HP: 55/94 MP: 9/9
  6982 | D:8      | Found a radiant altar of Vehumet.
  7191 | D:8      | Found a hide-covered altar of Uskayaw.
  7362 | D:9      | Found a basalt altar of Yredelemnul.
  7397 | D:9      | Found a flagged portal.
  7423 | Bailey   | Entered a bailey
  7523 | Bailey   | Reached skill level 5 in Armour
  7653 | Bailey   | Reached skill level 15 in Axes
  7761 | Bailey   | Noticed a vault guard
  7762 | Bailey   | Noticed Prince Ribbit
  7771 | Bailey   | Killed a vault guard
  7773 | Bailey   | Killed Prince Ribbit
  7946 | Bailey   | Noticed a vault guard
  7960 | Bailey   | Killed a vault guard
  8312 | D:9      | Reached XP level 11. HP: 87/104 MP: 10/10
  8530 | D:9      | Reached skill level 16 in Axes
  9026 | D:10     | Entered Level 10 of the Dungeon
  9146 | D:10     | Found a staircase to the Lair.
  9546 | D:10     | Found Luazuor's Antique Armour Shop.
  9559 | D:10     | Bought a pair of runed gloves for 217 gold pieces
 10523 | D:11     | Noticed a two-headed ogre
 10531 | D:11     | Killed a two-headed ogre
 10532 | D:11     | Reached skill level 17 in Axes
 10966 | D:11     | You fall into a shaft and drop 2 floors!
 11005 | D:13     | Noticed Erolcha
 11009 | D:13     | Noticed a centaur warrior
 11010 | D:13     | Killed Erolcha
 11026 | D:13     | Killed a centaur warrior
 11277 | D:13     | Noticed a brown ugly thing
 11288 | D:13     | Killed a brown ugly thing
 11355 | D:13     | Noticed Nessos
 11362 | D:13     | Shot with an arrow by Nessos

Illustrated notes

Levels and vault maps discovered:
D:1:      minmay_arrival_nine_rooms, layout_loops_ring,
          nicolae_concentric_dashed_squares_mild
D:2:      minmay_chambers_of_ones, layout_loops_ring, serial_shops,
          shop_fountains, shapermc_ecumenical_altar_mp_ritualfount
D:3:      layout_rooms, lemuel_round_altar, portal_sewer_entry_e, st_stairs_12,
          minmay_misc_feat_chi
D:4:      layout_gridville
D:5:      layout_cave_pools, nicolae_ru_great_annihilating_truth,
          gammafunk_temple_overflow_pools
D:6:      layout_loops_ring, okawaru_metal_pillars_1_2,
          minmay_temple_entry_fiery
D:7:      layout_rooms, mainiacjoe_overflow_cross_hatched, serial_corexii_hall,
          corexii_hall_statues_t, corexii_hall_statues_x, nicolae_water_bricks,
          moated_statue
D:8:      minmay_blocky_corners, layout_cave_pools, vehumet_statue,
          mainiacjoe_overflow_alcove_2
D:9:      layout_basic, yredelemnul_altar_generic, enter_bailey_2,
          kennysheep_generic_room_14
D:10:     layout_long_grid, minmay_lair_entry_grove, serial_shops, shop,
          chequers_serial_rivers_room_a, introduction_to_nature_2
D:11:     nicolae_cairo_tiling_large_dashed, layout_long_grid
D:13:     layout_stronghold, uniq_jorgrun, uniq_erolcha, uniq_nessos, uniq_kirke

Skill      XL: |  1  2  3  4  5  6  7  8  9 10 11 |
---------------+----------------------------------+-----
Axes           | 3 4 6 7 9 11 14 15 17 | 17.6
Fighting       | 4 5 6 7 8 10 11 13 | 13.2
Armour         | 6 8 |  8.8
Shields        | |  3.6

Action                     |  1- 3 |  4- 6 |  7- 9 | 10-12 || total
---------------------------+-------+-------+-------+-------++-------
  Melee: War axe           |    89 |    83 |   171 |   343 ||   686
         Headbutt          |    14 |    14 |    29 |    76 ||   133
 Invoke: Potion Petition   |       |       |       |     2 ||     2
  Evoke: Wand              |       |       |     4 |       ||     4
    Use: Potion            |       |     1 |       |     2 ||     3
         Scroll            |       |       |    12 |     5 ||    17
   Stab: Distracted        |       |     1 |       |     5 ||     6
         Paralysed         |       |     1 |       |       ||     1
 Armour: Scale mail        |    43 |    13 |       |       ||    56
         Plate armour      |       |    30 |    89 |   145 ||   264
  Dodge: Dodged            |    38 |    31 |    32 |    70 ||   171
  Block: Buckler           |    28 |    15 |    27 |    78 ||   148
